 Dungeon Crawl Stone Soup version 0.18-a0-1390-gc02854d (webtiles) character file.

69 Duffy the Chopper (level 4, -6/36 HPs)
             Began as a Centaur Gladiator on Feb 22, 2016.
             Mangled by a gnoll
             ... wielding a +0 spear
              (8 damage)
             ... on level 2 of the Dungeon.
             The game lasted 00:01:21 (1472 turns).

Duffy the Chopper (Centaur Gladiator)               Turns: 1472, Time: 00:01:21

Health: -6/36      AC:  6    Str: 17    XL:     4   Next: 2%
Magic:  4/4        EV:  9    Int:  7    God:
Gold:   102        SH:  0    Dex: 11    Spells: 0 memorised, 3 levels left

rFire  . . .     SeeInvis .     a - +0 war axe
rCold  . . .     Gourm    .     s - +0 ring mail
rNeg   . . .     Faith    .     (no shield)
rPois  .         Spirit   .     c - +0 helmet
rElec  .         Dismiss  .     (no cloak)
rCorr  .         Reflect  .     (no gloves)
SustAt .         Harm     +     (no barding)
MR     .....                    u - amulet of harm
Stlth  ..........               (no ring)
                                (no ring)

@: very quick, not resistant to hostile enchantments, extremely unstealthy
A: hooves 3, deformed body, speed 2, tough skin 3
a: no special abilities


You were on level 2 of the Dungeon.
You were not hungry.

You visited 1 branch of the dungeon, and saw 2 of its levels.

You collected 102 gold pieces.


Innate Abilities, Weirdness & Mutations

You have hooves in place of feet.
Armour fits poorly on your strangely shaped body.
You cover ground very quickly.
You have extremely tough skin (AC +3).


   Skills:
 - Level 2.0 Fighting
 + Level 4.4 Axes
 - Level 2.1 Throwing
 - Level 2.1 Dodging


You had 3 spell levels left.
You didn't know any spells.

Inventory:

Hand Weapons
 a - a +0 war axe (weapon)
Missiles
 d - 3 throwing nets (quivered)
 r - 20 poisoned needles
Armour
 b - a +0 leather armour
 c - a +0 helmet (worn)
 s - a +0 ring mail (worn)
Jewellery
 u - an amulet of harm (around neck)
Scrolls
 i - a scroll of blinking {unknown}
 j - 2 scrolls of identify {unknown}
 l - a scroll of fear {unknown}
 o - a scroll of teleportation {unknown}
 p - a scroll of amnesia {unknown}
Potions
 e - a potion of resistance {unknown}
 g - 3 potions of haste {unknown}
 h - 2 potions of cure mutation {unknown}
 k - a potion of lignification {unknown}
 m - 2 potions of flight {unknown}
Comestibles
 f - 2 bread rations
 n - a meat ration
 q - 2 chunks of flesh
 t - a beef jerky

Dungeon Overview and Level Annotations

Branches:
Dungeon (2/15)

Altars:

Annotations:
D:2 Sigmund


Message History

The gnoll is too close now for your liking.
A rat comes into view.
The gnoll hits you from afar with a spear.
The gnoll hits you from afar with a spear.
You hit Sigmund but do no damage. You kick Sigmund, but do no damage.
The gnoll completely misses you. Sigmund hits you but does no damage.
You closely miss Sigmund. You kick Sigmund, but do no damage.
The gnoll hits you from afar with a spear.
Sigmund hits you with a scythe! The gnoll completely misses you.
You are too injured to fight recklessly!
You are too injured to fight recklessly!
You are too injured to fight recklessly!
You are too injured to fight recklessly!
You are too injured to fight recklessly!
You are too injured to fight recklessly!
You are too injured to fight recklessly!
You are too injured to fight recklessly!
You are too injured to fight recklessly!
You are too injured to fight recklessly!
You are too injured to fight recklessly!
You are too injured to fight recklessly!
You are too injured to fight recklessly!
You are too injured to fight recklessly!
You closely miss Sigmund. You kick Sigmund, but do no damage.
The gnoll hits you from afar with a spear.
Sigmund casts a spell at you. The puff of flame misses you.
You slash Sigmund!
Sigmund is moderately wounded.
The gnoll hits you from afar with a spear.
Sigmund hits you with a scythe!
You barely miss Sigmund. You kick Sigmund.
Sigmund is heavily wounded.
The gnoll hits you from afar with a spear!
You die...

#######. #r. ..~~~...
#.# ######## #@# ##...#
#.# ...### #g#
%.########## ##.######
#..........## #g.#....#
##########..###@##%...#
# ######.....@.....# #
#(...%..####.....#
######.####### ##....#
.......# #....#
.####### #....# ##
###### #


You could see Sigmund and a gnoll.

Action                   |  1- 3 |  4- 6 || total
-------------------------+-------+-------++-------
Melee: War axe           |   134 |     6 ||   140
  Eat: Chunk             |     1 |       ||     1

Notes
Turn   | Place    | Note
--------------------------------------------------------------
     0 | D:1      | Duffy the Centaur Gladiator began the quest for the Orb.
     0 | D:1      | Reached XP level 1. HP: 17/17 MP: 1/1
   200 | D:1      | Reached skill level 3 in Axes
   287 | D:1      | Reached XP level 2. HP: 24/24 MP: 2/2
   594 | D:1      | Reached XP level 3. HP: 25/29 MP: 3/3
   801 | D:1      | Reached skill level 4 in Axes
  1411 | D:2      | Reached XP level 4. HP: 34/36 MP: 4/4
  1449 | D:2      | Noticed Sigmund
  1472 | D:2      | Mangled by a gnoll

Vault maps used:
D:1:      minmay_arrival_jagged
D:2:      corexii_corridor_pit, uniq_sigmund

Vanquished Creatures
  2 oozes
  A worm
  3 dart slugs
  A giant gecko
  A ball python
  A giant cockroach
  4 goblins
  6 hobgoblins
  7 jackals
  7 kobolds
  A quokka
  8 bats
  3 giant newts
  2 rats
47 creatures vanquished.
